Map: Acropolis LE

Players

Parkkatz

  • Race: Zerg Zerg
  • League: Platinum
  • Spawn Location: 5:00

Hoobawapa - Winner!

  • Race: Terran Terran
  • League: Platinum
  • Spawn Location: 11:00

VOD

Have the link to the VOD?

Description

Time

  • Played on: July 7, 2019, 9:14 a.m.
  • Length: 8:16
Show
View Real Time Build Order
Export as new Build Order

Parkkatz Zerg 

Build Orders: Hatch First 

Get SALT Encoding   

  12  0:01  Drone  
  13  0:16  Overlord  
  13  0:18  Drone  
  14  0:34  Drone x2  
  16  0:45  Drone  
  16  0:49  Drone  
  18  1:06  Hatchery  
  18  1:07  Extractor  
  18  1:08  Drone  
  17  1:21  Spawning Pool  
  17  1:22  Drone  
  17  1:23  Drone  
  18  1:33  Drone  
  19  1:43  Overlord  
  19  2:09  Queen  
  19  2:10  Zergling x4  
  23  2:17  Queen  
  23  2:18  Zergling x2  
  23  2:22  Metabolic Boost  
  26  2:32  Drone x2  
  26  2:33  Drone  
  29  2:44  Queen  
  29  2:47  Drone  
  29  2:48  Drone x2  
  29  2:50  Overlord  
  34  3:04  Zergling x2  
  35  3:07  Drone  
  35  3:10  Overlord  
  36  3:14  Drone  
  37  3:20  Overlord x2  
  37  3:29  Drone x5  
  42  3:34  Queen  
  44  3:57  Drone  
  44  3:59  Extractor  
  44  4:00  Extractor  
  43  4:03  Drone x2, Roach Warren  
  43  4:04  Drone x3  
  43  4:05  Drone x2, Evolution Chamber  
  43  4:06  Drone x3  
  43  4:07  Overlord  
  49  4:18  Overlord  
  49  4:28  Overlord  
  49  4:30  Lair  
  49  4:40  Drone  
  49  4:41  Drone  
  49  4:44  Roach x2  
  49  4:45  Roach x2  
  59  4:58  Roach x3  
  59  4:59  Hatchery, Roach  
  66  5:06  Spore Crawler  
  65  5:08  Spore Crawler  
  65  5:12  Drone  
  65  5:14  Drone x2  
  66  5:16  Zerg Missile Weapons Level 1  
  67  5:28  Glial Reconstitution  
  67  5:30  Roach x3  
  73  5:51  Roach x3  
  73  5:54  Ravager  
  73  5:56  Ravager  
  81  6:04  Overlord  
  81  6:05  Overlord  
  81  6:06  Overlord x3  
  81  6:07  Overlord x2  
  81  6:14  Queen  
  83  6:27  Spore Crawler  
  83  6:32  Hydralisk Den  
  81  6:34  Drone x6  
  87  6:42  Infestation Pit, Extractor  
  87  6:44  Drone x4  
  87  6:45  Drone x2  
  91  6:54  Pneumatized Carapace  
  90  6:59  Roach  
  90  7:00  Roach x7  
  83  7:25  Roach x3  
  83  7:26  Roach x5  
  83  7:27  Roach  
  77  7:37  Roach x3  
  77  7:42  Roach  
  77  7:43  Roach  
  70  7:52  Roach x3  
Show
View Real Time Build Order
Export as new Build Order

Hoobawapa Terran - Winner!

Build Orders: Reaper Expand 

Get SALT Encoding   

  12  0:01  SCV  
  13  0:13  SCV  
  14  0:17  Supply Depot  
  14  0:25  SCV  
  15  0:40  Barracks  
  15  0:41  SCV  
  16  0:50  Refinery  
  16  0:53  SCV  
  17  1:05  SCV  
  18  1:17  SCV  
  19  1:29  Orbital Command  
  19  1:35  Reaper  
  20  1:46  Command Center  
  20  1:56  Barracks, SCV  
  21  2:04  Supply Depot  
  21  2:07  Barracks Reactor  
  21  2:13  SCV  
  22  2:22  Barracks  
  22  2:26  SCV  
  23  2:45  SCV  
  23  2:50  Marine x2  
  26  2:53  Barracks Tech Lab  
  26  2:57  SCV  
  27  3:01  Refinery  
  27  3:02  Orbital Command  
  27  3:08  Marine  
  27  3:09  Barracks Tech Lab, SCV  
  29  3:14  Supply Depot, Stimpack  
  29  3:18  Marine  
  29  3:19  Marine  
  31  3:21  SCV  
  32  3:30  SCV  
  32  3:33  SCV  
  34  3:36  Marine x2  
  34  3:37  Marine  
  37  3:42  SCV  
  37  3:47  Engineering Bay  
  38  3:52  SCV  
  38  3:53  Marine x2  
  40  3:59  Supply Depot  
  40  4:12  Marine x3  
  40  4:13  Marine  
  40  4:16  Combat Shield  
  44  4:18  Terran Infantry Weapons Level 1  
  44  4:23  Supply Depot  
  44  4:26  SCV x2  
  44  4:30  Marine x2  
  48  4:33  Marine x2  
  51  4:38  Factory, SCV x2  
  52  4:48  Marine  
  52  4:50  SCV x2  
  55  4:52  Marine  
  55  4:53  Marine x2  
  58  5:02  SCV x2  
  58  5:03  Refinery  
  60  5:13  Supply Depot  
  60  5:21  Marine x2, Marauder x2  
  66  5:28  Factory Tech Lab  
  66  5:29  Starport  
  66  5:31  SCV  
  66  5:32  SCV  
  68  5:39  Supply Depot  
  68  5:42  Refinery  
  68  5:44  SCV x2  
  70  5:52  Concussive Shells  
  70  5:54  Marine x2, Marauder x2  
  76  6:01  Siege Tank  
  79  6:06  Supply Depot  
  79  6:09  Supply Depot, Medivac  
  81  6:22  Marine, Marauder x2  
  86  6:27  Marine, Barracks  
  86  6:31  Barracks  
  87  6:39  Medivac  
  89  7:04  Marine x2, Marauder x2  
  95  7:09  Medivac  
  95  7:12  Siege Tank  
  100  7:22  Marine  
  92  8:04  Barracks Tech Lab  
  90  8:06  Barracks Reactor  
Tags
 
Add a new tag
Caveats
  • Supply blocks, unpowered buildings, or Contaminate may cause inaccurate times.
  • Supply counts are checked every 10 seconds.